 Dungeon Sprint DCSS version 0.30.1-5-ged363bc7ee (webtiles) character file.

Game seed: 14925659568098721160

14 Heoruswealwe the Thaumaturge (level 5, -2/28 HPs)
             Began as a Deep Elf Conjurer on Sept 19, 2023.
             Was an Initiate of Gozag.
             Slain by Pikel
             ... wielding a +1 whip of freezing
              (10 damage)
             ... in the Dungeon (Sprint VI: "Thunderdome").
             The game lasted 00:07:53 (333 turns).

Heoruswealwe the Thaumaturge (Deep Elf Conjurer)     Turns: 333, Time: 00:07:53

Health: -2/28      AC:  2    Str:  7    XL:     5   Next: 53%
Magic:  15/20      EV: 12    Int: 25    God:    Gozag
Gold:   76         SH:  0    Dex: 16    Spells: 12/26 levels left

rFire   . . .        (no weapon)
rCold   . . .        (no shield)
rNeg    . . .        a - +0 robe
rPois   +            (no helmet)
rElec   +            (no cloak)
rCorr   .            (no gloves)
SInv    .            (no boots)
Will    .....        i - amulet "Vemimu" {RegenMP Harm rElec}
Stlth   +++          k - ring "Nafuom" {Wiz rPois Str+3 Dex+3 Stlth+}
HPRegen 0.24/turn    (no ring)
MPRegen 0.57/turn

%: no teleportation, harm (+30% outgoing, +20% incoming), wizardry (x1)
@: gold aura
A: no striking features
a: Renounce Religion, Potion Petition, Call Merchant, Bribe Branch


You were in the Dungeon.
You worshipped Gozag.
Gozag was noncommittal.
You visited 1 branch You collected 616 gold pieces.
You spent 540 gold pieces at shops.

Inventory:

Armour
 a - a +0 robe (worn)
Jewellery
 c - the ring "Wuozox" {rF++ Slay+4}
   (You bought it in a shop in the Dungeon)

   [ring of slaying]

   Slay:      It affects your accuracy & damage with ranged weapons and melee
   (+4).
   rF:        It greatly protects you from fire.
 f - the ring "Etaucukk" {rF+ rCorr SInv}
   (You bought it in a shop in the Dungeon)

   [ring of see invisible]

   rF:        It protects you from fire.
   SInv:      It lets you see invisible.
   rCorr:     It protects you from acid and corrosion.
 i - the amulet "Vemimu" (around neck) {RegenMP Harm rElec}
   (You bought it in a shop in the Dungeon)

   [amulet of magic regeneration]

   It increases your rate of magic regeneration.
   rElec:     It insulates you from electricity.
   Harm:      It increases damage dealt and taken.
 k - the ring "Nafuom" (left hand) {Wiz rPois Str+3 Dex+3 Stlth+}
   (You bought it in a shop in the Dungeon)

   [ring of wizardry]

   It improves your spell success rate.
   Str:       It affects your strength (+3).
   Dex:       It affects your dexterity (+3).
   rPois:     It protects you from poison.
   Stlth:     It makes you more stealthy.
 m - the ring of Ryrphao {rC+ Will+ rCorr}
   (You bought it in a shop in the Dungeon)

   [ring of willpower]

   rC:        It protects you from cold.
   rCorr:     It protects you from acid and corrosion.
   Will:      It increases your willpower.
 n - the ring of the Mantidfly {+Blink rElec rPois rC+}
   (You bought it in a shop in the Dungeon)

   [ring of protection from cold]

   rC:        It protects you from cold.
   rElec:     It insulates you from electricity.
   rPois:     It protects you from poison.
   +Blink:    It lets you blink.
 o - the ring "Fuets" {Fly rPois Will+}
   (You bought it in a shop in the Dungeon)

   [ring of poison resistance]

   rPois:     It protects you from poison.
   Fly:       It grants you flight.
   Will:      It increases your willpower.
 q - the ring "Voaraj" {rN+ Str-2 Dex+6 SInv Stlth+}
   (You bought it in a shop in the Dungeon)

   [ring of see invisible]

   Str:       It affects your strength (-2).
   Dex:       It affects your dexterity (+6).
   rN:        It protects you from negative energy.
   SInv:      It lets you see invisible.
   Stlth:     It makes you more stealthy.
 r - the ring of Hospitality {rC+ Int+6 Stlth-}
   (You bought it in a shop in the Dungeon)

   [ring of protection from cold]

   Int:       It affects your intelligence (+6).
   rC:        It protects you from cold.
   Stlth:     It makes you less stealthy.
Wands
 j - a wand of iceblast (4)
 l - a wand of light (3)
Scrolls
 g - 3 scrolls of blinking
Potions
 b - 3 potions of magic
 d - 4 potions of heal wounds
 e - 4 potions of haste
 h - a potion of resistance


   Skills:
 - Level 2.4 Dodging
 - Level 2.4 Stealth
 + Level 11.0 Spellcasting
 + Level 10.0 Conjurations


You had 12 spell levels left.
You knew the following spells:

 Your Spells              Type           Power      Damage    Failure   Level
a - Magic Dart            Conj           100%       1d8       1%          1
b - Searing Ray           Conj           100%       2d8       1%          2
c - Dazzling Flash        Conj/Hex       76%        N/A       1%          3
d - Fulminant Prism       Conj/Hex       19%        3d10      2%          4
e - Iskenderun's Mystic   Conj/Tloc      38%        2d9       2%          4

Your spell library contained the following spells:

 Spells                   Type           Power      Damage    Failure   Level


Dungeon Overview and Level Annotations

Branches:
Dungeon (1/1)

Altars:
Cheibriados
Dithmenos
Fedhas
Gozag
Kikubaaqudgha
Makhleb
Okawaru
Qazlal
Ru
Sif Muna
Trog
Uskayaw
Vehumet
Wu Jian
Xom
Yredelemnul
Zin
The Shining One
Lugonu

Shops:
D *[??*?*:[((!!!!

Annotations:
D Pikel


Message History

Pikel, Merchant of Souls comes into view.
He is wielding a +1 whip of freezing and wearing a +2 robe of willpower.
Casting: Magic Dart (safe; 1% risk of failure)
Confirm with . or Enter, or press ? or * to list all spells.
The spell is quite dangerous to miscast (2% risk of failure)!
Continue anyway? [Y]es or [N]o only, please.
The spell is quite dangerous to miscast (2% risk of failure)!
Continue anyway?
Aiming: Fulminant Prism (quite dangerous; 2% risk of failure)
Press: ? - help, Dir - move target You conjure a prism of explosive energy!
The goblin shouts!
Pikel shouts!
A fulminant prism comes into view.
Your fulminant prism crackles loudly.
The goblin hits your fulminant prism but does no damage.
Your fulminant prism explodes!
The blast of energy engulfs Pikel!!
Pikel is severely wounded.
The blast of energy engulfs the goblin!
You kill the goblin!
The magic dart hits Pikel.
Pikel is severely wounded.
The magic dart hits Pikel.
Pikel is almost dead.
The magic dart hits Pikel.
Pikel is almost dead.
Casting: Magic Dart (safe; 1% risk of failure)
Confirm with . or Enter, or press ? or * to list all spells.
Aiming: Searing Ray (safe; 1% risk of failure)
Press: ? - help, Shift-Dir - straight line, f/p - Pikel
Aim: Pikel, wielding a +1 whip of freezing and wearing a +2 robe of willpower (almost dead, 79% to hit)
The searing ray hits Pikel.
Pikel is almost dead. (Press . to maintain the ray.) Pikel hits you with a +1 whip of freezing!
Ouch! That really hurt!
Pikel freezes you.
* * * LOW HITPOINT WARNING * * *
The searing ray misses Pikel.
Pikel hits you with a +1 whip of freezing!
You die...
Your body crumbles into a pile of gold.

#∩........8.# #.8........∩###
............###.............##
.........###...###..........⌠#
.........# #.<.# #..........⌠#
.........###...###..........⌠#
............###.............##
#∩........8.# #.8........∩###
##∩___......###......___∩##
######.8.......@.8.######
#⌠........K..⌠#
###.........### #........_#
#_........# #_...$..._#
#∩.......∩# ##∩.....∩##
##.....##


You could see Pikel.

Vanquished Creatures
  A water moccasin (D)
  A kobold brigand (D)
  3 adders (D)
  2 ball pythons (D)
  A goblin (D)
  A hobgoblin (D)
  A kobold (D)
10 creatures vanquished.

Vanquished Creatures (others)
  A fulminant prism (D)
1 creature vanquished.

Grand Total: 11 creatures vanquished

Notes
Turn   | Place    | Note
-------+----------+-------------------------------------------
     0 | D        | Heoruswealwe the Deep Elf Conjurer began the quest for the
                  | Orb.
     0 | D        | Reached XP level 1. HP: 10/10 MP: 6/6
     0 | D        | Found a hide-covered altar of Uskayaw.
     4 | D        | Found a snail-covered altar of Cheibriados.
     4 | D        | Found an ornate altar of the Wu Jian Council.
     5 | D        | Found a basalt altar of Yredelemnul.
     5 | D        | Found an ancient bone altar of Kikubaaqudgha.
     5 | D        | Round 1.
     6 | D        | Found a bloodstained altar of Trog.
     6 | D        | Found Luytwis's Premium Goods.
     6 | D        | Found Sara's Weapon Rack.
     7 | D        | Found Faysoebo's Miscellaneous Merchandise.
     7 | D        | Found Ocko's Basic Armour.
     9 | D        | Found a corrupted altar of Lugonu.
    10 | D        | Found a burning altar of Makhleb.
    11 | D        | Found a blossoming altar of Fedhas.
    12 | D        | Found Lublontyof's Do-It-Yourself Clinic.
    12 | D        | Found a shadowy altar of Dithmenos.
    12 | D        | Found a shimmering blue altar of Sif Muna.
    12 | D        | Found a shimmering altar of Xom.
    12 | D        | Found Xubabb's Distillery.
    13 | D        | Found Issecwi's Bottled Wisdom.
    13 | D        | Found Rovoczoa's Distillery.
    19 | D        | Found a sacrificial altar of Ru.
    20 | D        | Found a glowing golden altar of the Shining One.
    21 | D        | Found an iron altar of Okawaru.
    22 | D        | Found a stormy altar of Qazlal.
    22 | D        | Found a glowing silver altar of Zin.
    22 | D        | Found Ketarilo's Staff Store.
    22 | D        | Found Tetigeub's Magic Scroll Shop.
    23 | D        | Found Gagaj's Must-Have Magic.
    23 | D        | Found Ylohowas's Magic Scroll Shop.
    26 | D        | Found an opulent altar of Gozag.
    29 | D        | Found Ynabec's Jewellery.
    29 | D        | Found Xanac's Advanced Armour.
    35 | D        | Became a worshipper of Gozag Ym Sagoz the Greedy
    37 | D        | Reached skill level 4 in Spellcasting
    37 | D        | Reached skill level 5 in Conjurations
    37 | D        | Reached XP level 2. HP: 15/15 MP: 6/9
    39 | D        | Found a radiant altar of Vehumet.
    39 | D        | Found Meiss's Identification Station.
    45 | D        | Learned a level 2 spell: Searing Ray
    61 | D        | Noticed a water moccasin
    76 | D        | Killed a water moccasin
    77 | D        | Reached skill level 9 in Spellcasting
    77 | D        | Reached XP level 3. HP: 12/19 MP: 2/15
    77 | D        | Reached XP level 4. HP: 15/24 MP: 2/17
   121 | D        | Bought a pitted emerald amulet for 45 gold pieces
   121 | D        | Identified the amulet "Vitoig" {Faith rElec} (You bought it
                  | in a shop in the Dungeon)
   121 | D        | Bought a bound tin amulet for 45 gold pieces
   121 | D        | Identified the amulet "Vemimu" {RegenMP Harm rElec} (You
                  | bought it in a shop in the Dungeon)
   121 | D        | Bought a faintly glowing amber ring for 45 gold pieces
   121 | D        | Identified the ring of Ryrphao {rC+ Will+ rCorr} (You
                  | bought it in a shop in the Dungeon)
   121 | D        | Bought a glittering lead ring for 45 gold pieces
   121 | D        | Identified the ring "Oqaf" {rC+ EV+5 Dex+2} (You bought it
                  | in a shop in the Dungeon)
   121 | D        | Bought a coiled lead ring for 45 gold pieces
   121 | D        | Identified the ring "Fuets" {Fly rPois Will+} (You bought
                  | it in a shop in the Dungeon)
   121 | D        | Bought a crude golden ring for 45 gold pieces
   121 | D        | Identified the ring of Myvo Cuc {+Blink rCorr Slay+4} (You
                  | bought it in a shop in the Dungeon)
   121 | D        | Bought a flickering copper ring for 45 gold pieces
   121 | D        | Identified the ring "Voaraj" {rN+ Str-2 Dex+6 SInv Stlth+}
                  | (You bought it in a shop in the Dungeon)
   121 | D        | Bought a glittering iron ring for 45 gold pieces
   121 | D        | Identified the ring of Hospitality {rC+ Int+6 Stlth-} (You
                  | bought it in a shop in the Dungeon)
   121 | D        | Bought a flickering pewter ring for 45 gold pieces
   121 | D        | Identified the ring "Nafuom" {Wiz rPois Str+3 Dex+3 Stlth+}
                  | (You bought it in a shop in the Dungeon)
   158 | D        | Arena points: 14 (+14) [x2]
   196 | D        | Round 2.
   266 | D        | Noticed a kobold brigand
   274 | D        | Killed a kobold brigand
   275 | D        | Reached skill level 11 in Spellcasting
   275 | D        | Reached skill level 10 in Conjurations
   275 | D        | Reached XP level 5. HP: 28/28 MP: 12/20
   295 | D        | Bought a slimy copper ring for 45 gold pieces
   295 | D        | Identified the ring "Wuozox" {rF++ Slay+4} (You bought it
                  | in a shop in the Dungeon)
   295 | D        | Bought a pitted silver ring for 45 gold pieces
   295 | D        | Identified the ring "Etaucukk" {rF+ rCorr SInv} (You bought
                  | it in a shop in the Dungeon)
   295 | D        | Bought a scorched platinum ring for 45 gold pieces
   295 | D        | Identified the ring of the Mantidfly {+Blink rElec rPois
                  | rC+} (You bought it in a shop in the Dungeon)
   300 | D        | Learned a level 3 spell: Dazzling Flash
   305 | D        | Learned a level 4 spell: Fulminant Prism
   310 | D        | Learned a level 4 spell: Iskenderun's Mystic Blast
   325 | D        | Noticed Pikel
   333 | D        | Slain by Pikel

Illustrated notes

Levels and vault maps discovered:
D:        arena_sprint

Skill      XL: |  1  2  3  4 |
---------------+-------------+-----
Spellcasting   | 4 9 11 | 11.0
Conjurations   | 5 8 10 | 10.0
Dodging        | |  2.4
Stealth        | |  2.4

Action                     |  1- 3 |  4- 6 || total
---------------------------+-------+-------++-------
   Cast: Magic Dart        |     2 |     9 ||    11
         Searing Ray       |     1 |     4 ||     5
         Fulminant Prism   |       |     1 ||     1
  Evoke: Wand              |     1 |     2 ||     3
    Use: Potion            |     1 |       ||     1
         Scroll            |       |     1 ||     1
 Armour: Robe              |     1 |       ||     1
  Dodge: Dodged            |     4 |     2 ||     6
